% Time on Ice - VICTORIA GLADIATORS
Lines # - Real PCT - Wanted PCT - Time Play
Normal Forward
1 - 35% - 36% - 18:25
2 - 30% - 33% - 15:32
3 - 27% - 24% - 14:01
4 - 9% - 7% - 4:33
Normal Defense
1 - 35% - 40% - 18:29
2 - 35% - 35% - 18:28
3 - 28% - 25% - 14:40
4 - 2% - 0% - 0:54
PP Forward
1 - 52% - 60% - 2:21
2 - 48% - 40% - 2:10
PP Defense
1 - 52% - 60% - 2:21
2 - 48% - 40% - 2:10
PK Forward
1 - 70% - 60% - 1:23
2 - 30% - 40% - 0:36
PK Defense
1 - 15% - 60% - 0:18
2 - 85% - 40% - 1:41
PK3 Forward
1 - 0% - 55%
2 - 0% - 45%
PK3 Defense
1 - 0% - 55%
2 - 0% - 45%
44 Forward
1 - 0% - 52%
2 - 0% - 48%
44 Defense
1 - 0% - 52%
2 - 0% - 48%
Last Minute Offensive  - 0:59
Last Minute Defensive  - 0:00
Total
Forward - 60:00
Defense - 60:00
% Time on Ice - BOISE CARIBOUS
Lines # - Real PCT - Wanted PCT - Time Play
Normal Forward
1 - 33% - 34% - 17:34
2 - 30% - 32% - 16:05
3 - 23% - 24% - 12:00
4 - 13% - 10% - 7:06
Normal Defense
1 - 34% - 36% - 18:05
2 - 35% - 36% - 18:41
3 - 28% - 28% - 14:37
4 - 3% - 0% - 1:22
PP Forward
1 - 56% - 55% - 1:07
2 - 44% - 45% - 0:52
PP Defense
1 - 56% - 55% - 1:07
2 - 44% - 45% - 0:52
PK Forward
1 - 64% - 55% - 2:54
2 - 36% - 45% - 1:37
PK Defense
1 - 34% - 55% - 1:32
2 - 66% - 45% - 2:59
PK3 Forward
1 - 0% - 55%
2 - 0% - 45%
PK3 Defense
1 - 0% - 55%
2 - 0% - 45%
44 Forward
1 - 0% - 55%
2 - 0% - 45%
44 Defense
1 - 0% - 55%
2 - 0% - 45%
Last Minute Offensive  - 0:00
Last Minute Defensive  - 0:45
Total
Forward - 60:00
Defense - 60:00
Play-by-Play 1st period 0:01 of 1st period - Vincent Trocheck wins face-off versus Mikael Granlund in neutral zone. 2:07 of 1st period - Chris Tanev is hit by Troy Stecher and loses puck. 2:40 of 1st period - Shot by Gabriel Vilardi. 2:40 of 1st period - Stopped by Jake Oettinger without a rebound. 2:41 of 1st period - Jesperi Kotkaniemi wins face-off versus Mikael Granlund in VICTORIA GLADIATORS zone. 3:47 of 1st period - Icing by Tim Stutzle. 3:48 of 1st period - Vincent Trocheck wins face-off versus Adam Lowry in BOISE CARIBOUS zone. 3:56 of 1st period - Shot by Vincent Trocheck. 3:56 of 1st period - Stopped by Jake Oettinger without a rebound. 3:57 of 1st period - Jean-Gabriel Pageau wins face-off versus Noel Acciari in VICTORIA GLADIATORS zone. 4:18 of 1st period - Shot by Artturi Lehkonen. 4:18 of 1st period - Deflect By Nick Schmaltz. 4:18 of 1st period - Stopped by Jake Oettinger without a rebound. 4:19 of 1st period - Adam Lowry wins face-off versus Charlie Coyle in VICTORIA GLADIATORS zone. 4:19 of 1st period - Adam Lowry is hit by Lawson Crouse. 4:26 of 1st period - Kasperi Kapanen is hit by Marcus Pettersson and loses puck. 4:42 of 1st period - Kasperi Kapanen is hit by Moritz Seider and loses puck. 4:54 of 1st period - Off-side. 4:55 of 1st period - Vincent Trocheck wins face-off versus Mason Appleton in neutral zone. 5:15 of 1st period - Icing by Justin Holl. 5:16 of 1st period - Mason Appleton wins face-off versus Jean-Gabriel Pageau in VICTORIA GLADIATORS zone. 5:16 of 1st period - Mason Appleton is hit by Jean-Gabriel Pageau. 6:24 of 1st period - Shot by Torey Krug. 6:24 of 1st period - Shot Blocked by Rasmus Dahlin. 6:37 of 1st period - Icing by Rasmus Dahlin. 6:38 of 1st period - Adam Lowry wins face-off versus Jean-Gabriel Pageau in BOISE CARIBOUS zone. 7:13 of 1st period - Shot by Tim Stutzle. 7:13 of 1st period - Stopped by Jake Oettinger without a rebound. 7:14 of 1st period - Charlie Coyle wins face-off versus Mikael Granlund in VICTORIA GLADIATORS zone. 7:35 of 1st period - Shot by Charlie Coyle. 7:35 of 1st period - Shot Misses the Net. 7:37 of 1st period - Shot by Charlie Coyle. 7:37 of 1st period - Stopped by Jake Oettinger without a rebound. 7:38 of 1st period - Vincent Trocheck wins face-off versus Noel Acciari in VICTORIA GLADIATORS zone. 7:59 of 1st period - Shot by Vincent Trocheck. 7:59 of 1st period - Stopped by Jake Oettinger with a rebound. 11:00 of 1st period - Shot by Noel Acciari. 11:00 of 1st period - Stopped by Ilya Sorokin without a rebound. 11:01 of 1st period - Andre Burakovsky wins face-off versus Jean-Gabriel Pageau in BOISE CARIBOUS zone. 11:17 of 1st period - Icing by Rasmus Dahlin. 11:18 of 1st period - Jean-Gabriel Pageau wins face-off versus Adam Lowry in BOISE CARIBOUS zone. 11:26 of 1st period - Icing by Niko Mikkola. 11:27 of 1st period - Adam Lowry wins face-off versus Jesperi Kotkaniemi in VICTORIA GLADIATORS zone. 13:13 of 1st period - Shot by Andre Burakovsky. 13:13 of 1st period - Shot Misses the Net. 14:03 of 1st period - Minor Penalty to Marcus Pettersson for Goalie Interference. 14:04 of 1st period - Lawson Crouse wins face-off versus Adam Lowry in BOISE CARIBOUS zone. 14:10 of 1st period - Icing by Adam Lowry. 14:11 of 1st period - Jean-Gabriel Pageau wins face-off versus Adam Lowry in VICTORIA GLADIATORS zone. 15:21 of 1st period - Shot by Mikael Granlund. 15:21 of 1st period - Shot Misses the Net. 15:23 of 1st period - Shot by Tyler Myers. 15:23 of 1st period - Stopped by Ilya Sorokin without a rebound. 15:24 of 1st period - Mikael Granlund wins face-off versus Vincent Trocheck in BOISE CARIBOUS zone. 15:28 of 1st period - Shot by Tyler Myers. 15:28 of 1st period - Shot Blocked by Rasmus Dahlin. 16:25 of 1st period - Shot by Jesperi Kotkaniemi. 16:25 of 1st period - Shot Misses the Net. 16:27 of 1st period - Shot by Moritz Seider. 16:27 of 1st period - Stopped by Jake Oettinger without a rebound. 16:28 of 1st period - Jean-Gabriel Pageau wins face-off versus Mason Appleton in VICTORIA GLADIATORS zone. 16:55 of 1st period - Shot by Artturi Lehkonen. 16:55 of 1st period - Shot Blocked by Justin Holl. 17:43 of 1st period - Shot by Vincent Trocheck. 17:43 of 1st period - Shot Misses the Net. 17:45 of 1st period - Shot by Vincent Trocheck. 17:45 of 1st period - Shot Blocked by Niko Mikkola. 18:22 of 1st period